 Dungeon Crawl Stone Soup version 0.29.1-12-g30fa7ad0bf (webtiles) character file.

Game seed: 2552879059969640981

18957 cheesebisquit the Severer (level 12, -2/92 HPs)
             Began as a Minotaur Berserker on Dec 27, 2022.
             Was an Elder of Trog.
             Slain by a boulder beetle (10 damage)
             ... on level 11 of the Dungeon.
             The game lasted 00:55:26 (10830 turns).

cheesebisquit the Severer (Minotaur Berserker)     Turns: 10830, Time: 00:55:26

Health: -2/92      AC: 13    Str: 38    XL:     12   Next: 32%
Magic:  11/11      EV:  8    Int:  4    God:    Trog [****..]
Gold:   1256       SH: 17    Dex: 11    Spells: 11/11 levels left

rFire   . . .      SeeInvis .   M - +6 war axe of Delightful Guile {drain, *Slow rElec rN+ rCorr}
rCold   . . .      Faith    .   J - +0 kite shield
rNeg    + . .      Spirit   .   D - +0 plate armour
rPois   .          Reflect  +   (helmet restricted)
rElec   +          Harm     .   b - +0 cloak
rCorr   +          Rampage  .   (no gloves)
Will    .....                   s - +0 pair of boots
Stlth   ..........              G - amulet of reflection
HPRegen 0.25/turn               S - +6 ring of strength
MPRegen 0.12/turn               A - +6 ring of strength

@: on berserk cooldown, slowed, very slow
A: horns 2, retaliatory headbutt
a: Renounce Religion, Berserk, Trog's Hand, Brothers in Arms


You were on level 11 of the Dungeon.
You worshipped Trog.
Trog was greatly pleased with you.
You visited 1 branch of the dungeon, and saw 11 of its levels.
You also visited: Sewer.

You collected 1256 gold pieces.

Inventory:

Hand Weapons
 a - a +0 hand axe
 z - a +2 mace of venom
 K - a +0 shortbow
 M - the +6 war axe of Delightful Guile (weapon) {drain, *Slow rElec rN+ rCorr}
   (You took it off an orc on level 8 of the Dungeon)

   A truly terrible weapon, it drains the life of any living foe it strikes.
   rElec:     It insulates you from electricity.
   rN:        It protects you from negative energy.
   rCorr:     It protects you from acid and corrosion.
   *Slow:     It may slow you when you take damage.
Missiles
 v - 8 poisoned darts (quivered)
Armour
 b - a +0 cloak (worn)
 s - a +0 pair of boots (worn)
 y - a +0 chain mail
 D - a +0 plate armour (worn)
 J - a +0 kite shield (worn)
Jewellery
 t - a ring of flight
 x - a +4 ring of evasion
 A - a +6 ring of strength (right hand)
 F - an amulet of regeneration
 G - an amulet of reflection (around neck)
 P - a +6 ring of dexterity
 S - a +6 ring of strength (left hand)
 T - a +4 ring of protection
Wands
 k - a wand of iceblast (4)
 l - a wand of digging (4)
 o - a wand of light (8)
 q - a wand of flame (16)
 L - a wand of paralysis (3)
Scrolls
 c - 5 scrolls of poison
 e - 3 scrolls of teleportation
 g - 4 scrolls of fear
 h - 2 scrolls of summoning
 p - a scroll of vulnerability {unknown}
 w - 3 scrolls of enchant weapon
 E - a scroll of immolation {unknown}
 H - a scroll of amnesia
 I - a scroll of torment
 Q - a scroll of enchant armour {unknown}
Potions
 d - 5 potions of lignification
 f - 5 potions of might
 i - 2 potions of heal wounds
 j - 5 potions of curing
 m - 3 potions of flight
 n - 3 potions of mutation
 r - a potion of berserk rage
 u - 3 potions of resistance
 B - a potion of attraction
 C - a potion of haste
 N - a potion of cancellation {unknown}
 O - a potion of magic {unknown}
 R - 3 potions of invisibility {unknown}


   Skills:
 - Level 4.4 Fighting
 - Level 19.0 Axes
 - Level 3.4 Armour
 - Level 3.1 Dodging
 + Level 14.2 Shields


You had 11 spell levels left.
You didn't know any spells.
Your spell library was empty.

Dungeon Overview and Level Annotations

Branches:
Dungeon (11/15)            Temple (0/1) D:6            Lair (0/5) D:10
    Orc (0/2) D:9           Sewer (visited)

Altars:
Ashenzari
Cheibriados
Dithmenos
Elyvilon
Gozag
Qazlal
Sif Muna
Trog
Wu Jian
Xom

Shops:
D:2 (   D:9 :(

Annotations:
D:6 2 transporters, BillyBaka's ghost, novice MiHu


Innate Abilities, Weirdness & Mutations

You have a pair of horns on your head.
You reflexively headbutt those who attack you in melee.


Message History

The deep elf pyromancer blinks!
You block the boulder beetle's attack.
You hit the boulder beetle but do no damage.
You headbutt the boulder beetle!
The boulder beetle is moderately wounded.
You hit the gargoyle.
The gargoyle hurls a stone arrow at you.
The stone arrow hits you! The boulder beetle bites you.
* * * LOW HITPOINT WARNING * * *
You feel much better. You block the boulder beetle's attack.
You block the gargoyle's attack.
The gargoyle hurls a stone arrow at you.
The stone arrow misses you.
The boulder beetle leaps!
You block the gargoyle's attack.
Items here: ))) ††.
You hit the gargoyle.
The gargoyle is heavily damaged.
Your skin stops crawling.
You feel less strong-willed. You block the gargoyle's attack.
The deep elf pyromancer mumbles some strange words.
You hit the gargoyle. You headbutt the gargoyle!
You destroy the gargoyle!
Trog accepts your kill.
You hit the boulder beetle but do no damage.
The boulder beetle bites you!
The deep elf pyromancer casts a spell at you.
The sticky flame hits you but does no damage.
You are covered in liquid flames!
The boulder beetle barely misses you. You furiously retaliate!
You headbutt the boulder beetle! You slash the boulder beetle!
The boulder beetle is severely wounded.
You slash the fire elemental! You hit the deep elf pyromancer.
You drain the deep elf pyromancer.
You are covered in liquid flames!
You block the fire elemental's attack.
The deep elf pyromancer casts a spell at you.
The bolt of fire hits you!!
* * * LOW HITPOINT WARNING * * *
The boulder beetle bites you!
You die...

.. #....†........
#.###)####'#### ###
#.##...# .##.# #..
#.#.###.##.# #.##.##
#.'.# #.... #.#..
#.#.###..#.# ##..###
#.##.°.##..### #.#.†.. #
#.)Ee.°..... #()#[.
#.#@#○.###.#Chc##)##
....'..8BE## #l{oo. ##)#
#...##...#.#.#.# #.#WB$
#.
...[#....#........RBh#B#
#
.........#..#..#.#°#.h$
.........##. .#..# ○..o
.........+#. .## )# .$c
.........#.. .. .
.........#


You could see a boulder beetle (drained), a deep elf pyromancer (drained) and 2
fire elementals.

Vanquished Creatures
  2 boulder beetles (D:11)
  A two-headed ogre (D:10)
  2 centaur warriors (D:11)
  A skeletal warrior (D:11)
  Lodul (D:10)
  Pikel (D:5)
  An orc knight (D:11)
  A deep elf pyromancer (D:11)
  A manticore (D:11)
  2 cyclopes (D:11)
  An ugly thing (D:11)
  2 gargoyles
  An unseen horror (D:10)
  A troll (D:11)
  A hornet (D:10)
  Sigmund (D:2)
  3 wyverns
  34 yaks
  2 basilisks (D:11)
  2 steam dragons (D:8)
  3 vampire mosquitoes (D:11)
  2 acid dragons
  2 orc warriors
  An ice beast (D:7)
  A boggart (D:11)
  10 ogres
  9 centaurs
  A kobold brigand (D:11)
  A phantom (D:4)
  Blork the orc (D:6)
  5 bullfrogs
  2 scorpions
  9 wights
  5 howler monkeys
  2 jellies (D:5)
  7 orc priests
  3 hounds
  2 gnoll boudas
  Natasha (thrice) (D:2)
  An iguana (D:5)
  4 orc wizards
  Robin (D:2)
  8 adders
  8 gnolls
  4 river rats (Sewer)
  A shadow imp (D:5)
  3 dart slugs
  23 orcs
  5 endoplasms
  3 giant cockroaches (D:3)
  30 goblins
  6 hobgoblins
  28 kobolds
  3 quokkas
  9 ball pythons
  3 bats
  3 frilled lizards
  26 rats
299 creatures vanquished.

Vanquished Creatures (others)
  An orc (D:8)
  A plant (D:10)
2 creatures vanquished.

Grand Total: 301 creatures vanquished

Notes
Turn   | Place    | Note
-------+----------+-------------------------------------------
     0 | D:1      | cheesebisquit the Minotaur Berserker began the quest for
                  | the Orb.
     0 | D:1      | Reached XP level 1. HP: 19/19 MP: 0/0
    35 | D:1      | Reached XP level 2. HP: 8/27 MP: 1/1
   487 | D:1      | Reached skill level 4 in Axes
   950 | D:1      | Reached XP level 3. HP: 33/33 MP: 2/2
  1198 | D:2      | Noticed Robin
  1211 | D:2      | HP: 1/33 [Robin/+0 mace (8)]
  1213 | D:2      | Killed Robin
  1578 | D:2      | Reached ** piety under Trog
  1642 | D:2      | Noticed Natasha
  1646 | D:2      | Found a snail-covered altar of Cheibriados.
  1650 | D:2      | Killed Natasha
  1651 | D:2      | Reached XP level 4. HP: 39/41 MP: 3/3
  1675 | D:2      | Noticed Sigmund
  1690 | D:2      | Killed Sigmund
  1691 | D:2      | Reached skill level 6 in Axes
  1691 | D:2      | Reached XP level 5. HP: 33/47 MP: 4/4
  1885 | D:2      | Noticed Natasha
  1891 | D:2      | Killed Natasha
  1892 | D:2      | Reached XP level 6. HP: 53/53 MP: 5/5
  2069 | D:2      | Reached skill level 7 in Axes
  2187 | D:2      | Noticed Natasha
  2197 | D:2      | Killed Natasha
  2257 | D:2      | Found Igobla's Weapon Emporium.
  2508 | D:3      | Found a shadowy altar of Dithmenos.
  2584 | D:3      | Reached skill level 8 in Axes
  2618 | D:3      | Found a glowing drain.
  2630 | Sewer    | Entered a sewer
  2931 | Sewer    | Reached *** piety under Trog
  2934 | Sewer    | Reached XP level 7. HP: 52/60 MP: 6/6
  4151 | D:4      | Found a stormy altar of Qazlal.
  4584 | D:4      | Reached skill level 9 in Axes
  4792 | D:4      | Found an ornate altar of the Wu Jian Council.
  5119 | D:5      | Entered Level 5 of the Dungeon
  5275 | D:5      | Reached skill level 10 in Axes
  5380 | D:5      | Noticed Pikel
  5390 | D:5      | Killed Pikel
  5391 | D:5      | Reached skill level 12 in Axes
  5391 | D:5      | Reached XP level 8. HP: 67/67 MP: 7/7
  6020 | D:6      | Noticed Blork the orc
  6025 | D:6      | Killed Blork the orc
  6275 | D:6      | Found a bloodstained altar of Trog.
  6287 | D:6      | Reached skill level 13 in Axes
  6465 | D:6      | Found a shimmering blue altar of Sif Muna.
  6641 | D:6      | Noticed BillyBaka's ghost (novice MiHu)
  6643 | D:6      | Found a transporter.
  6643 | D:6      | Identified the +8 great mace "Azxiom" {vorpal, rN+++
                  | Stlth-}
  6645 | D:6      | Found a transporter.
  6720 | D:6      | Found a staircase to the Ecumenical Temple.
  6756 | D:6      | Found a broken altar of Ashenzari.
  7249 | D:7      | Reached XP level 9. HP: 62/72 MP: 8/8
  7312 | D:7      | Reached skill level 14 in Axes
  7566 | D:7      | Found a white marble altar of Elyvilon.
  8003 | D:8      | Noticed a gargoyle
  8010 | D:8      | Reached skill level 15 in Axes
  8018 | D:8      | Killed a gargoyle
  8019 | D:8      | Reached skill level 16 in Axes
  8024 | D:8      | Reached XP level 10. HP: 80/80 MP: 9/9
  8027 | D:8      | Reached **** piety under Trog
  8142 | D:8      | Found a shimmering altar of Xom.
  8280 | D:8      | Identified the +6 war axe of Delightful Guile {drain, *Slow
                  | rElec rN+ rCorr}
  8291 | D:8      | Reached skill level 17 in Axes
  8896 | D:9      | Found Jupnyhask's Book Emporium.
  8901 | D:9      | Reached skill level 18 in Axes
  8965 | D:9      | Found Sesun's Weapon Shop.
  9111 | D:9      | Found a staircase to the Orcish Mines.
  9380 | D:9      | Found an opulent altar of Gozag.
  9482 | D:10     | Entered Level 10 of the Dungeon
  9493 | D:10     | Noticed a two-headed ogre
  9503 | D:10     | Killed a two-headed ogre
  9504 | D:10     | Reached skill level 19 in Axes
  9523 | D:10     | Reached skill level 1 in Shields
  9528 | D:10     | Reached XP level 11. HP: 59/85 MP: 10/10
  9744 | D:10     | Reached skill level 5 in Shields
  9926 | D:10     | Noticed Lodul
  9938 | D:10     | Killed Lodul
  9959 | D:10     | Found a staircase to the Lair.
 10614 | D:11     | Noticed a centaur warrior
 10619 | D:11     | Noticed a boulder beetle
 10620 | D:11     | Killed a centaur warrior
 10621 | D:11     | Reached skill level 10 in Shields
 10631 | D:11     | Killed a boulder beetle
 10631 | D:11     | Noticed an orc knight
 10631 | D:11     | Noticed a red ugly thing
 10634 | D:11     | Killed a red ugly thing
 10638 | D:11     | Killed an orc knight
 10640 | D:11     | Noticed a skeletal warrior
 10640 | D:11     | Noticed a deep elf pyromancer
 10640 | D:11     | Noticed a centaur warrior
 10642 | D:11     | Noticed a boulder beetle
 10651 | D:11     | Noticed a boulder beetle
 10653 | D:11     | Killed a deep elf pyromancer
 10656 | D:11     | Noticed a boulder beetle
 10750 | D:11     | Killed a skeletal warrior
 10751 | D:11     | Reached XP level 12. HP: 92/92 MP: 11/11
 10779 | D:11     | Killed a boulder beetle
 10821 | D:11     | Killed a centaur warrior
 10830 | D:11     | Slain by a boulder beetle

Illustrated notes

Levels and vault maps discovered:
D:1:      lemuel_arrival_rhombus, layout_basic
D:2:      layout_loops_cross, serial_shops, shop, basic_altar, uniq_sigmund,
          uniq_robin, uniq_natasha
D:3:      layout_basic, nicolae_dithmenos_shadow_blocks, portal_sewer_entry_b,
          serial_rivers, chequers_serial_rivers_small_b,
          chequers_serial_rivers_marsh, chequers_serial_rivers_micro_b,
          chequers_serial_rivers_room_b, chequers_serial_rivers_marsh,
          minmay_ogre_servants
D:4:      layout_layer_cave, amcnicky_altar_gilded, nzn_wu_jian_contemplation
D:5:      layout_gridville, minivault_1, minmay_misc_feat_enclosed, uniq_pikel,
          uniq_crazy_yiuf_cottage
D:6:      layout_cave_pods, nzn_overflow_gifts_of_might_and_magic,
          evilmike_ruin_ashenzari, minmay_temple_entry_antechambers,
          gammafunk_ghost_smash, uniq_blork_the_orc
D:7:      layout_cave_pools, nicolae_elyvilon_peaceful_grove
D:8:      layout_cave_pods, mainiacjoe_overflow_small_starburst,
          serial_column_ruins, column_ruins_square_medium, column_ruins_hut,
          column_ruins_columns_corner, column_ruins_open_medium,
          column_ruins_grid_2, column_ruins_grid_4, column_ruins_open_small,
          column_ruins_corridor_straight, column_ruins_grid_1,
          minmay_quadrilaterals
D:9:      layout_cave_pools, lemuel_coloured_pillars_altar, erik_orc_3,
          serial_shops, shop, nicolae_shop_trees
D:10:     layout_irregular_city, dpeg_oklobed_lair, uniq_lodul
D:11:     minmay_the_grid_square_5x5_4x4_mashed [minmay_the_grid_square_5x5_c,
          minmay_the_grid_square_5x5_hourglass,
          minmay_the_grid_square_5x5_minimal,
          minmay_the_grid_square_5x5_minibox,
          minmay_the_grid_square_5x5_shrine1,
          minmay_the_grid_square_5x5_prize_pseudospiral,
          minmay_the_grid_square_5x5_prize_itemx,
          minmay_the_grid_square_5x5_n_small,
          minmay_the_grid_square_5x5_misaligned,
          minmay_the_grid_square_5x5_prize_snowflake,
          minmay_the_grid_square_5x5_prize_gold,
          minmay_the_grid_square_5x5_percent, minmay_the_grid_square_5x5_z,
          minmay_the_grid_square_5x5_hollow_slash,
          minmay_the_grid_square_5x5_bracketed, minmay_the_grid_square_5x5_two],
          layout_layer_cave, kennysheep_crisscross

Skill      XL: |  1  2  3  4  5  6  7  8  9 10 11 12 |
---------------+-------------------------------------+-----
Fighting       | 4 |  4.4
Axes           | 4 6 8 12 13 16 19 | 19.0
Armour         | 3 |  3.4
Dodging        | 3 |  3.1
Shields        | 3 12 14 | 14.2

Action                   |  1- 3 |  4- 6 |  7- 9 | 10-12 || total
-------------------------+-------+-------+-------+-------++-------
Melee: Hand axe          |    70 |   125 |   224 |    39 ||   458
       Headbutt          |     9 |    15 |    46 |    39 ||   109
       Punch             |       |     1 |     2 |       ||     3
       War axe           |       |       |       |   182 ||   182
Invok: Trog's Hand       |       |     5 |     5 |    11 ||    21
       Berserk           |       |     4 |     6 |     9 ||    19
  Use: Scroll            |       |       |    16 |     6 ||    22
       Potion            |       |       |       |     3 ||     3
Armor: Leather armour    |    17 |    29 |    12 |       ||    58
       Chain mail        |       |       |    27 |       ||    27
       Plate armour      |       |       |    42 |    58 ||   100
Dodge: Dodged            |    60 |    73 |   110 |    67 ||   310
Block: Other             |       |       |     4 |       ||     4
       Kite shield       |       |       |    39 |   162 ||   201
       Reflection        |       |       |     2 |    26 ||    28
